Cogmind - Beta 13 *** ADVENTURER MODE // 2024.07.25 @ 10:42:18 Player: Jefffff Result: Destroyed by G-47 Trooper with Particle Gun Performance ------------- Evolutions (0) 0 Regions Visited (2) 400 Robots Destroyed (19) 95 Value Destroyed (485) 485 Prototype IDs (0) 0 Alien Tech Used (0) 0 Bonus (0) 0 TOTAL SCORE: 980 Bonus ------- None Cogmind --------- Core Integrity 0/250 Matter 294/300 Energy 249/250 System Corruption 0% Temperature Cool (15) Movement Walking (190) Ox1 Location -10/Subcaves Parts ------- > --- POWER (1) -------- Ion Engine > --- PROPULSION (2) --- Aluminum Leg Aluminum Leg > --- UTILITY (2) ------ Large Storage Unit Utility Shielding > --- WEAPON (2) ------- Light Assault Rifle Makeshift Hammer > --- INVENTORY (15) --- Light Nuclear Core Aluminum Leg Subdweller Monowheel Subdweller Monowheel Improved Heat Sink Sensor Array Signal Interpreter Improved Terrain Scanner Subdweller Machine Gun Datajack Datajack Mining Laser Peak State ------------ > --- POWER ------------ Ion Engine > --- PROPULSION ------- Wheel Compact Wheel > --- UTILITY ---------- Large Storage Unit Utility Shielding > --- WEAPON ----------- Riot Gun Battle Rifle > --- INVENTORY -------- Ion Engine Light Nuclear Core Aluminum Leg Aluminum Leg Aluminum Leg Aluminum Leg Improved Heat Sink Sensor Array Signal Interpreter Improved Terrain Scanner Small Laser Battle Rifle Datajack Datajack Mining Laser [Rating: 12] Favorites ----------- Power Ion Engine Engine Ion Engine Propulsion Wheel Leg Aluminum Leg Wheel Wheel Utility Large Storage Unit Storage Large Storage Unit Protection Utility Shielding Weapon Particle Gun Energy Gun Particle Gun Ballistic Gun Light Assault Rifle Ballistic Cannon Battle Cannon Impact Weapon Makeshift Hammer Special Melee Weapon Datajack Build | -11 -10 -10 ------- Run | Yrd Mat Sub Slots Evolved . | . . . Power . | . . . Propulsion . | . . . Utility . | . . . Weapon . | . . . Parts Attached 41 | 4 22 15 Power 7 | 1 4 2 Engine 7 | 1 4 2 Core . | . . . Reactor . | . . . Propulsion 13 | 2 8 3 Treads . | . . . Leg 5 | . 2 3 Wheel 8 | 2 6 . Hover . | . . . Flight . | . . . Utility 4 | 1 3 . Device . | . . . Storage 3 | 1 2 . Processor . | . . . Hackware . | . . . Protection 1 | . 1 . Artifact . | . . . Weapon 17 | . 7 10 Energy Gun 4 | . 2 2 Energy Cannon . | . . . Ballistic Gun 10 | . 5 5 Ballistic Cannon 1 | . . 1 Launcher . | . . . Special Weapon . | . . . Impact Weapon 1 | . . 1 Slashing Weapon . | . . . Piercing Weapon . | . . . Special Melee Weapon 1 | . . 1 Unidentified Prototypes . | . . . Parts Lost 9 | . 3 6 Power 2 | . 1 1 Propulsion 5 | . 2 3 Utility . | . . . Weapon 2 | . . 2 Highest Loss Streak 5 | . 2 5 To Critical Strikes . | . . . Average Slot Usage (%) 96 | . 95 99 Engine 13 | . 13 14 Leg 5 | . . 14 Wheel 20 | . 24 12 Storage 14 | . 14 14 Protection 13 | . 12 14 Energy Gun 11 | . 14 6 Ballistic Gun 13 | . 13 13 Impact Weapon 2 | . . 7 Naked Turns . | . . . Heaviest Build 31 | 8 31 31 Greatest Support 26 | 20 26 26 Greatest Overweight (x) 9 | . 9 2 Average Overweight (x) 1 | . 1 1 Largest Inventory Capacity 15 | 8 15 15 Average Capacity 14 | 7 14 15 Most Carried 15 | 8 15 15 Average Carried 13 | 4 13 13 Final Capacity 15 | 8 15 15 Final Carried 15 | 8 15 12 Class Distribution -------------------- 100% | Mutant Dominant Class ---------------- Mutant | -10/Materials Mutant | -10/Subcaves Resources | -11 -10 -10 ----------- Run | Yrd Mat Sub Matter Collected 724 | 240 271 213 Remotely . | . . . Salvage Created 670 | . 456 214 Parts 43 | . 31 12 Haulers Intercepted 2 | . 2 . Recyclers Shooed . | . . . Parts Field Recycled . | . . . Retrieved Matter . | . . . Parts Self-Destructed . | . . . Prevented . | . . . Kills | -11 -10 -10 ------- Run | Yrd Mat Sub Combat Hostiles Destroyed 13 | . 8 5 Guns 12 | . 8 4 Classes Destroyed 6 | . 5 1 Tunneler 1 | . 1 . Hauler 2 | . 2 . Watcher 3 | . 3 . Swarmer 3 | . 3 . Grunt 5 | . 5 . Subdweller 5 | . . 5 Best Kill Streak 3 | . 3 2 Combat Bots Only 3 | . 3 3 Max Kills in Single Turn 1 | . 1 1 Gunslinging . | . . . Exploded . | . . . Melee . | . . . Uniques/NPCs Destroyed . | . . . Combat | -11 -10 -10 -------- Run | Yrd Mat Sub Hostile Shots Fired 91 | . 34 57 Missed 21 | . 8 13 Damage Taken 1165 | . 306 859 Core 250 | . 70 180 Absorbed by Shields . | . . . Redirected to Shielding 17 | . 2 15 Ignored by Resistances 301 | . 88 213 Core Remaining (%) 100 | 100 . . Volleys Fired 71 | . 48 23 Largest 2 | . 2 2 Hottest 85 | . 85 65 Shots Fired 132 | . 94 38 Gun 129 | . 94 35 Cannon 3 | . . 3 Launcher . | . . . Special . | . . . Kinetic 78 | . 48 30 Thermal 54 | . 46 8 Explosive . | . . . Electromagnetic . | . . . Robot Hit Streak 21 | . 21 13 Robot Miss Streak 2 | . 2 2 Penetration Max . | . . . Secondary Targets 2 | . 2 . Max Gunslinging Chain 1 | . 1 . Shots Hit Robots 103 | . 69 34 Core Hits 36 | . 25 11 Critical Kills . | . . . Critical Parts Destroyed 1 | . . 1 Critical Strikes 3 | . 2 1 Burn 2 | . 2 . Smash 1 | . . 1 Melee Attacks 1 | . . 1 Impact 1 | . . 1 Slashing . | . . . Piercing . | . . . Sneak Attacks . | . . . Combat Hostiles . | . . . Follow-up Attacks . | . . . Damage Inflicted 1301 | . 782 519 Guns 1220 | . 782 438 Cannons 43 | . . 43 Explosions . | . . . Melee 38 | . . 38 Ramming . | . . . Kinetic 660 | . 256 404 Thermal 603 | . 526 77 Explosive . | . . . Electromagnetic . | . . . Impact 38 | . . 38 Slashing . | . . . Piercing . | . . . Highest Corruption . | . . . Average Corruption . | . . . Corruption Purged . | . . . Corruption Blocked . | . . . Overload Shots . | . . . Overflow Damage 38 | . . 38 Projectiles . | . . . Explosions . | . . . Melee 38 | . . 38 Knockbacks . | . . . Impact . | . . . Kinetic . | . . . Secondary . | . . . Self-Inflicted Damage . | . . . Shots . | . . . Rammed . | . . . Targets Rammed . | . . . Kicked . | . . . Crushed . | . . . Highest Temperature 160 | . 160 1 Average Temperature 49 | . 49 1 Received Heat Transfer 336 | . 135 201 Siege Activations . | . . . Robots Corrupted . | . . . Combat Hostiles . | . . . Parts Fried 1 | . . 1 Impact Corruptions 1 | . . 1 Robots Melted . | . . . Combat Hostiles . | . . . Parts Melted 3 | . 2 1 Heat Transferred 1561 | . 1386 175 Parts Sabotaged . | . . . Parts Stolen . | . . . Parts Stripped . | . . . Power Chain Reactions . | . . . Alert | -11 -10 -10 ------- Run | Yrd Mat Sub Peak Influence 196 | . 196 . Initial . | . . . Average 42 | . 44 . Maximum Alert Level . | . . . Low Security (%) 100 | 100 100 . Level 1 . | . . . Level 2 . | . . . Level 3 . | . . . Level 4 . | . . . Level 5 . | . . . High Security . | . . . Max Security . | . . . Squads Dispatched . | . . . Investigation . | . . . Extermination . | . . . Reinforcement . | . . . Assault . | . . . Garrison . | . . . Intercept . | . . . Searches Triggered . | . . . Construction Impeded . | . . . Haulers Reinforced . | . . . Active Scanning Responses . | . . . Cargo Convoy Interrupts . | . . . Stealth | -11 -10 -10 --------- Run | Yrd Mat Sub Distress Signals 1 | . 1 . Communications Jammed . | . . . Distress Signals . | . . . Times Spotted 22 | . 15 7 Peak Tracking Total 4 | . 3 4 Tactical Retreats . | . . . Traps | -11 -10 -10 ------- Run | Yrd Mat Sub Traps Triggered 10 | . 7 3 Indirectly . | . . . Trap Hack Attempts . | . . . Triggered . | . . . Disarmed . | . . . Reprogrammed . | . . . Reused . | . . . Traps Extracted . | . . . Installed . | . . . Triggered 1 | . . 1 Machines | -11 -10 -10 ---------- Run | Yrd Mat Sub Machines Disabled . | . . . Max in Single Turn . | . . . Machines Repaired . | . . . Machines Dismantled . | . . . Machines Sabotaged . | . . . Overloaded Fab Kills . | . . . Hacking | -11 -10 -10 --------- Run | Yrd Mat Sub Machines Accessed 7 | . 6 1 Terminals 6 | . 6 . Fabricators . | . . . Repair Stations . | . . . Recycling Units . | . . . Scanalyzers . | . . . Garrison Access . | . . . Total Hacks 17 | . 16 1 Successful 10 | . 9 1 Failed 7 | . 7 . Catastrophic 1 | . 1 . Database Lockouts . | . . . Manual 22 | . 14 8 Terminals 16 | . 16 . Fabricators . | . . . Repair Stations . | . . . Recycling Units . | . . . Scanalyzers . | . . . Garrison Access . | . . . Terminal Hacks 5 | . 4 1 Record 1 | . . 1 Robot Analysis 1 | . 1 . Branch Access Points 1 | . 1 . Terminal Index 1 | . 1 . Alert Level 1 | . 1 . Fabricator Hacks . | . . . Repair Station Hacks . | . . . Recycling Unit Hacks . | . . . Scanalyzer . | . . . Garrison Access Hacks . | . . . Unauthorized Hacks 5 | . 5 . Terminals 5 | . 5 . Botnet 5 | . 5 . Fabricators . | . . . Repair Stations . | . . . Recycling Units . | . . . Scanalyzers . | . . . Garrison Access . | . . . Data Cores Recovered . | . . . Used . | . . . Hacking Detections 5 | . 5 . Full Trace Events . | . . . Feedback Events . | . . . Feedback Blocked . | . . . Robot Schematics Acquired . | . . . Robots Built . | . . . Authchips . | . . . Time . | . . . Total Robot Build Rating . | . . . Part Schematics Acquired . | . . . Parts Built . | . . . Authchips . | . . . Time . | . . . Total Part Build Rating . | . . . Parts Repaired . | . . . Time . | . . . Parts Recycled . | . . . Recycled Matter . | . . . Retrieved Matter . | . . . Retrieved Components . | . . . Parts Scanalyzed . | . . . Part Schematics Acquired . | . . . Parts Damaged . | . . . Bothacking | -11 -10 -10 ------------ Run | Yrd Mat Sub Used RIF Installer . | . . . Robots Hacked . | . . . Non-combat . | . . . Combat . | . . . Robot Hacks Applied . | . . . Relay Couplers Released . | . . . Fabnet Peak Effective % . | . . . Robots Rewired . | . . . Allies Hacked . | . . . Hacks Repelled . | . . . Allies | -11 -10 -10 -------- Run | Yrd Mat Sub Total Allies . | . . . Largest Group . | . . . Highest-Rated Group . | . . . Highest-Rated Ally . | . . . Total Orders . | . . . Ally Attacks . | . . . Total Damage . | . . . Kills . | . . . Allies Corrupted . | . . . Allies Melted . | . . . Intel | -11 -10 -10 ------- Run | Yrd Mat Sub Robot Analysis Total 1 | . 1 . Derelict Logs Recovered 2 | . . 2 Drone Launches . | . . . Drone Recoveries . | . . . Exploration | -11 -10 -10 ------------- Run | Yrd Mat Sub Turns Passed 2080 | 56 1300 724 Spaces Moved 1431 | 52 926 453 Core 10 | 6 4 . Treads . | . . . Legs 187 | . 5 182 Wheels 1234 | 46 917 271 Hover . | . . . Flight . | . . . Fastest Speed 50 | 50 80 105 Average Speed 115 | 76 106 139 Slowest Speed 500 | 80 500 260 Overloaded Moves . | . . . Propulsion Burnouts . | . . . Robots Hopped . | . . . Cave-ins Triggered . | . . . Exploration Rate (%) 44 | 3 99 31 Regions Visited 2 Branch Regions 1 Pre-discovered Areas . | . . . Known Exits Taken . | . . . Unknown Exits Taken 2 | 1 1 . Scrap Searched 5 | . . 5 Spaces Dug . | . . . Terrain Destroyed . | . . . Melee . | . . . Projectile . | . . . AOE . | . . . Terrain Rammed . | . . . Walls Destroyed . | . . . Machines Disabled . | . . . Actions | -11 -10 -10 --------- Run | Yrd Mat Sub Total 1727 | 67 1154 506 Wait 131 | . 131 . Move 1429 | 51 925 453 Hop . | . . . Pick Up 36 | 12 17 7 Fast Attach 16 | . 14 2 Attach 14 | 4 3 7 Detach . | . . . Swap 11 | . 5 6 Drop 18 | . 11 7 Fire 71 | . 48 23 Melee 1 | . . 1 Ram . | . . . Kick . | . . . Crush . | . . . Escape Stasis . | . . . Rewire . | . . . Trap . | . . . Miscellaneous . | . . . Route ------- -11/Scrapyard -10/Materials (discovered 5 exits: [*Mat x3] / *Min / *Sub) -10/Subcaves (discovered 1 exit: Mat) History --------- Turn | Location | Event 14 | -11/Scrapyard | Discovered new exit (range 16) 57 | -11/Scrapyard | Entered Materials 300 | -10/Materials | Build established: Mutant 329 | -10/Materials | Discovered new exit (range 8) 413 | -10/Materials | Discovered new exit (range 6) 583 | -10/Materials | Identified exit to Mines 591 | -10/Materials | Discovered new exit (range 16) 737 | -10/Materials | Discovered new exit (range 6) 1347 | -10/Materials | Discovered new exit (range 11) 1357 | -10/Materials | Entered Subcaves 1537 | -10/Subcaves | Visited Clippyterm 1572 | -10/Subcaves | Identified exit to Materials 1586 | -10/Subcaves | Disturbed a concealed Subdweller 1645 | -10/Subcaves | Ambushed by Subdwellers from Twisted Machinery 1694 | -10/Subcaves | Core integrity fell below 50% 1712 | -10/Subcaves | Core integrity fell below 20% 1746 | -10/Subcaves | Lost 5 parts (1p2n2w) 2081 | -10/Subcaves | Destroyed by G-47 Trooper with Particle Gun Last Messages --------------- 01764_ Subatomizers dissect the Disposable Heat Sink. 01798_ Acquired Lgt. Assault Rifle. 01830_ Subatomizers dissect the Disposable Heat Sink. 01946_ Acquired Ion Engine. 01964_ Triggered Shrapnel Trap. 01964_ An expanding cloud of shrapnel blasts out in all directions. 01964_ Aluminum Leg destroyed. 01995_ Triggered Piercing Trap. 01995_ Spikes shoot up from the floor. 01995_ Critical hit (Impale). 01999_ Acquired 10 matter. 01999_ Triggered Piercing Trap. 01999_ Spikes shoot up from the floor. 01999_ Critical hit (Impale). 02014_ Dropped Ion Engine. 02016_ Dropped Sml. Laser. 02046_ Acquired 15 matter. Map ----- +----------------------------------------------------+ | | | | | | | ?????????????????????????????????????????????????? | | ?????????????????????????????????????????????????? | | ?????????????????????????????????????????????????? | | ?????????????????????????????????????????????????? | | ?????????????????????????????????????????????????? | | ?????????????????????????????????????????????????? | | ?????????????????????????????????????????????????? | | ?????????????????????????????????????????????????? | | ?????????????????????????????????????????????????? | | ?????????????????????????????????????????????????? | | ?????????????????????????????????????????????????? | | ?????????????????????????????????????????????????? | | ?????????????????????????????????????????????????? | | ?????????????????????????????????????????????????? | | ??????????????????????##???#?????????????????????? | | ???####???????????????# ### ?????????#???????????? | | ??## #???????????????# ???????? ??????????? | | ?## #???????????????? #?###?? ??????????? | | ## #???????????????? ## ## ?????????? | | #?# #????????????????? g ?????????? | | ??# ####?????????????? g ??????????? | | ### # #????????? ???# ???????????????? | | #####???? #??##@ #????????????????????? | | ##?? #???# ##????????????????????? | | # #? #???## #?????????????????????? | | "" ### ## ##?## ###???????????????????? | | " #### ### #???????????????????? | | ### ## #???????????????????? | | " ### ## ##???????????????????? | | ## ## #????????????????????? | | ## ### #### #????????????????????? | | ?## #### ##??## #????????????????????? | | ??###??# ###????####### #????????????????????? | | ??????## #???????????## #????????????????????? | | ????### ##???????????# #????????????????????? | | ????# #????????????## #????????????????????? | | ????# ####?????????## #????????????????????? | | ????# % ########??# #????????????????????? | | ????### ## #??# #????????????????????? | | ??????##### #?## #????????????????????? | | ??????????## ### ##????????????????????? | | ?????????### ####???????????????????? | | ?#####???# ## ####????????????????? | | ?# ##### & ##????????##?????? | | ?# ## % #???????# #?????? | | ?## *[ ### # % #??????# ##????? | | ?## # ## ## ## #?????# #????? | +----------------------------------------------------+ Best States ------------- Heat Dissipation 25 Energy Generation 10 Energy Capacity 250 Matter Stores 300 Matter Capacity 300 Sight Range 16 Terrain Scan Density 10 Resistance: KI 20 Resistance: TH 20 Resistance: EX 20 Resistance: EM 20 Resistance: I 20 Resistance: S 20 Resistance: P 20 Utility Shielding 33 Evasion (%) 44 Offensive Hacking 10 Item Schematics ----------------- None Robot Schematics ------------------ None Fabricated ------------ Nothing Alien Tech Used ----------------- None Achievements -------------- None Challenges ------------ None Game ------ Seed CombatMasterHumpback Manual? 0 Play Time 00:18:25 Cumulative 80.1 hours Start 2024.07.25 @ 09:00:25 End 2024.07.25 @ 10:42:18 Sessions 1 Manual Loads 0 Difficulty Adventurer Special Mode None Game No. 116 Rogue 0 Adventurer 116 Explorer 0 Win Type - Total 0 Types 0/0/0/0/0/0/0/0/0 Lore% 44 Gallery% 45 Achievement% 33 Wizard Run 0 Options --------- Layout 2 ASCII 0 Keyboard 0 Movement Mouse Keybinds 0 Fullscreen 2 Font 48/Smallcaps Map View 50x44 Zoom Use 0% Tactical HUD 1 Map Filters NONE Filters NONE Steam 1 RUN: 58ee83ed-be14-462e-b06f-4df65e208600